 Dungeon Crawl Stone Soup version 0.30.0-5-g1a98f26d00 (webtiles) character file.

Game seed: 16118791864125513218

2951 hawla the Thaumaturge (level 10, 0/72 HPs)
             Began as a Meteoran Fire Elementalist on May 7, 2023.
             Was a Priest of Vehumet.
             Slain by an orc warlord
             ... wielding a +10 broad axe
              (22 damage)
             ... in a bailey on May 8, 2023.
             The game lasted 00:21:23 (4075 turns).

hawla the Thaumaturge (Meteoran Fire Elementalist)  Turns: 4075, Time: 00:21:23

Health: 0/72       AC:  6    Str: 10    XL:     10   Next: 28%
Magic:  14/32      EV: 13    Int: 22    God:    Vehumet [***...]
Gold:   289        SH:  0    Dex: 14    Spells: 13/25 levels left

rFire   + . .        (no weapon)
rCold   . . .        (no shield)
rNeg    . . .        e - +1 robe {rF+}
rPois   .            (no helmet)
rElec   .            i - +1 cloak
rCorr   .            s - +0 pair of gloves
SInv    +            (no boots)
Will    +....        (no amulet)
Stlth   +            c - ring of see invisible
HPRegen 0.32/turn    j - ring of magical power
MPRegen 0.23/turn

%: no passive effects
@: slightly contaminated, glowing
A: sense surroundings 2, otherworldly, glowing, explore regen
a: Renounce Religion


You were in a bailey.
You worshipped Vehumet.
Vehumet was most pleased with you.
You visited 2 branches of the dungeon, and saw 8 of its levels.
You also visited: Sewer and Bailey.

You collected 301 gold pieces.
You spent 12 gold pieces at shops.

Inventory:

Armour
 b - +0 steam dragon scales
 e - a +1 robe of fire resistance (worn)
 i - a +1 cloak (worn)
 s - a +0 pair of gloves (worn)
Jewellery
 c - a ring of see invisible (left hand)
 j - a ring of magical power (right hand)
 t - a ring of resist corrosion
Wands
 r - a wand of polymorph (9)
Scrolls
 a - a scroll of amnesia
 f - 2 scrolls of enchant weapon
 l - 10 scrolls of teleportation
 n - 3 scrolls of identify
 o - 2 scrolls of fog
 u - a scroll of butterflies {unknown}
 v - a scroll of magic mapping {unknown}
 w - a scroll of fear
Potions
 d - a potion of mutation
 g - a potion of lignification
 h - a potion of cancellation
 k - a potion of curing
 m - 3 potions of might
 p - a potion of heal wounds
 q - 2 potions of haste


   Skills:
 + Level 1.4 Fighting
 + Level 3.8 Dodging
 - Level 1.4 Stealth
 + Level 8.2 Spellcasting
 + Level 7.8 Conjurations
 + Level 7.5 Transmutations
 + Level 8.0 Fire Magic
 + Level 3.0 Evocations


You had 13 spell levels left.
You knew the following spells:

 Your Spells              Type           Power      Damage    Failure   Level
a - Foxfire               Conj/Fire      100%       2x1d9     1%          1
b - Scorch                Fire           88%        2d8       1%          2
c - Flame Wave            Conj/Fire      43%        2d11      1%          4
d - Irradiate             Conj/Tmut      21%        3d18      2%          5

Your spell library contained the following spells:

 Spells                   Type           Power      Damage    Failure   Level
 Ignite Poison            Fire/Tmut/Pois 31%        N/A       1%          3
 Wereblood                Tmut           42%        N/A       1%          2
 Inner Flame              Hex/Fire       26%        N/A       1%          3
 Volatile Blastmotes      Fire/Tloc      52%        2d14      1%          3
 Mephitic Cloud           Conj/Pois/Air  20%        N/A       2%          3
 Poisonous Vapours        Pois/Air       18%        N/A       3%          2
 Sublimation of Blood     Necr           9%         N/A       11%         2
 Petrify                  Tmut/Erth      25%        N/A       16%         4
 Freezing Cloud           Conj/Ice/Air   10%        6-21      17%         5
 Summon Hydra             Summ           4%         N/A       100%        7


Dungeon Overview and Level Annotations

Branches:
Dungeon (7/15) Zot: 757    Temple (1/1) D:4 Zot: 539   Sewer (visited)
 Bailey (1/1) Zot: 342

Altars:
Gozag
Hepliaklqana
Qazlal
Trog
Vehumet
Yredelemnul
The Shining One

Shops:
D:6 =*


Innate Abilities, Weirdness & Mutations

You passively map the area around you.
You are easily found by Zot.
You glow in the dark.
You regain HP and MP as you explore.


Message History

You are very lightly contaminated with residual magic.
The orc warlord closely misses you.
Casting: Irradiate (dangerous; 2% risk of failure)
Confirm with . or Enter, or press ? or * to list all spells.
You erupt in a fountain of uncontrolled magic!
The orc warlord is blasted with magical radiation!!
The orc warlord is moderately wounded.
You are lightly contaminated with residual magic.
The orc warlord hits you with a +10 broad axe!
Casting: Irradiate (dangerous; 2% risk of failure)
Confirm with . or Enter, or press ? or * to list all spells.
Flames lash the orc warlord.
The orc warlord is heavily wounded.
The orc warlord's fire resistance burns away.
The orc warlord hits you with a +10 broad axe!
Casting: Scorch (safe; 1% risk of failure)
Confirm with . or Enter, or press ? or * to list all spells.
Casting: Flame Wave (mildly dangerous; 1% risk of failure)
Press: ? - help, Dir - look around, f - activate A wave of flame ripples out!
The flame wave engulfs the orc warlord!
The orc warlord is burned terribly!
The orc warlord is heavily wounded. (Press . to intensify the flame waves.)
The orc warlord closely misses you.
A wave of flame ripples out!
The flame wave engulfs the orc warlord!
The orc warlord is burned terribly!
The orc warlord is severely wounded.
The orc warlord hits you with a +10 broad axe!
A wave of flame ripples out!
The flame wave engulfs the orc warlord!!
The orc warlord is burned terribly!
The orc warlord is almost dead.
You finish channelling waves of flame.
The orc warlord hits you with a +10 broad axe!
Casting: Flame Wave (mildly dangerous; 1% risk of failure)
Confirm with . or Enter, or press ? or * to list all spells.
Flames lash the orc warlord.
The orc warlord is burned terribly!
The orc warlord is almost dead.
The orc warlord hits you with a +10 broad axe!!
You die...

##### ##### ##...## ##...##
##.....## ##.....##
##.......#######.......##
##..8..8...........8..8..##
#.........................#
#...........@.............#
#...8......#o'§#......8...#
##......####§§§####......##
♣##.....#~~§§§§§~~#..)..##♣
♣.##....#~.8...8.~#..).##.♣
♣♣..###'###.......###'###..♣♣
♣...~~~.#~~.8...8.~~#.~~~...♣
♣♣...~~~.#~.........~#.~~~...♣♣
♣∩...~~~(#~....∩....~#.~~~...∩♣


You could see an orc warlord (combustible, misshapen).

Vanquished Creatures
  An orc knight (Bailey)
  Grinder (D:5)
  Sigmund (D:5)
  A steam dragon (D:7)
  A black bear (D:4)
  2 orc warriors (Bailey)
  2 ogres (D:6)
  A phantom (D:4)
  3 bullfrogs
  4 scorpions
  5 wights (D:6)
  A howler monkey (D:7)
  2 hounds (D:6)
  4 orc priests
  2 jellies
  A sleepcap (D:5)
  2 iguanas
  6 orc wizards
  10 gnolls
  7 adders
  4 river rats
  2 white imps
  2 ufetubi (D:4)
  2 worms
  A dart slug (D:1)
  27 orcs
  8 ball pythons
  6 endoplasms
  2 giant cockroaches
  7 goblins
  11 hobgoblins
  16 kobolds
  2 quokkas (D:1)
  7 bats
  A frilled lizard (D:2)
  6 rats
161 creatures vanquished.

Vanquished Creatures (others)
  294 foxfires
294 creatures vanquished.

Grand Total: 455 creatures vanquished

Notes
Turn   | Place    | Note
-------+----------+-------------------------------------------
     0 | D:1      | hawla the Meteoran Fire Elementalist began the quest for
                  | the Orb.
     0 | D:1      | Reached XP level 1. HP: 14/14 MP: 5/5
    42 | D:1      | Reached XP level 2. HP: 20/20 MP: 0/6
    61 | D:1      | Learned a level 2 spell: Scorch
   262 | D:1      | Reached XP level 3. HP: 24/26 MP: 0/8
   691 | D:3      | Reached XP level 4. HP: 33/33 MP: 3/10
   762 | D:4      | Noticed a phantom
   769 | D:4      | Killed a phantom
   770 | D:4      | Reached skill level 5 in Fire Magic
   770 | D:4      | Reached XP level 5. HP: 38/38 MP: 1/12
  1096 | D:4      | Reached XP level 6. HP: 45/45 MP: 10/13
  1398 | D:4      | Noticed a black bear
  1407 | D:4      | Killed a black bear
  1408 | D:4      | Reached skill level 5 in Spellcasting
  1480 | D:4      | Found a staircase to the Ecumenical Temple.
  1492 | Temple   | Entered the Ecumenical Temple
  1539 | Temple   | Became a worshipper of Vehumet
  1616 | D:5      | Entered Level 5 of the Dungeon
  1683 | D:5      | Noticed Sigmund
  1690 | D:5      | HP: 3/67 [something (2)]
  1713 | D:5      | Killed Sigmund
  1714 | D:5      | Reached XP level 7. HP: 20/51 MP: 1/17
  1796 | D:5      | Found an opulent altar of Gozag.
  1806 | D:5      | Reached skill level 1 in Fighting
  1827 | D:5      | Reached XP level 8. HP: 35/59 MP: 6/18
  1863 | D:5      | Learned a level 4 spell: Flame Wave
  1885 | D:5      | Found a glowing drain.
  1891 | Sewer    | Entered a sewer
  1894 | Sewer    | Reached * piety under Vehumet
  1894 | Sewer    | Offered knowledge of Sandblast by Vehumet.
  2319 | D:5      | Noticed Grinder
  2325 | D:5      | Killed Grinder
  2550 | D:5      | Found a glowing golden altar of the Shining One.
  2668 | D:5      | Upgraded the game from 0.30.0-3-ga4e48a9924 to
                  | 0.30.0-5-g1a98f26d00
  2760 | D:6      | Reached skill level 1 in Evocations
  2771 | D:6      | Gained mutation: You passively map the area around you.
                  | [Meteoran growth]
  2771 | D:6      | Reached XP level 9. HP: 64/64 MP: 14/20
  2877 | D:6      | Reached ** piety under Vehumet
  2877 | D:6      | Offered knowledge of Static Discharge by Vehumet.
  2891 | D:6      | Found Uffa's General Store.
  2900 | D:6      | Bought a scroll of noise for 12 gold pieces
  2909 | D:6      | Found Gugoosenko's Jewellery Boutique.
  3163 | D:6      | Learned a level 5 spell: Irradiate
  3231 | D:6      | Reached skill level 1 in Transmutations
  3705 | D:7      | Reached skill level 5 in Transmutations
  3766 | D:7      | Offered knowledge of Ignite Poison by Vehumet.
  3770 | D:7      | Reached XP level 10. HP: 70/71 MP: 22/22
  3771 | D:7      | Reached *** piety under Vehumet
  3814 | D:7      | Found a flagged portal.
  3824 | Bailey   | Entered a bailey
  3842 | Bailey   | Noticed an orc warlord
  3861 | Bailey   | Noticed an orc knight
  3913 | Bailey   | Killed an orc knight
  3986 | Bailey   | Found a runed translucent gate.
  3987 | Bailey   | Found a runed translucent gate.
  3989 | Bailey   | Found a runed translucent gate.
  4075 | Bailey   | Slain by an orc warlord

Illustrated notes

Levels and vault maps discovered:
D:1:      lemuel_arrival_rhombus, layout_loops_ring
D:2:      layout_loops_ring, kennysheep_flooded_box
D:3:      layout_basic
D:4:      layout_gridville, minmay_temple_entry_poolview
D:5:      layout_rooms, nicolae_tso_swordbearing_angel, old_standard_altar,
          lightli_sewer_entry_pipes, minmay_misc_feat_roman, sigmund_army,
          uniq_grinder
D:6:      layout_gridville, serial_shops, shop, nicolae_take_the_stairs,
          minmay_a_box_with_orc_wizards_in_it
D:7:      layout_loops_cross, lightli_bailey_entry_fortress
Temple:   minmay_crystal_spiral_temple
Bailey:   bailey_axe_bossmonster_kennysheep, bailey

Skill      XL: |  1  2  3  4  5  6  7  8  9 10 |
---------------+-------------------------------+-----
Fire Magic     | 4 5 6 7 8 |  8.0
Spellcasting   | 3 4 6 7 8 |  8.2
Conjurations   | 2 3 6 7 |  7.8
Dodging        | 3 |  3.8
Fighting       | 1 |  1.4
Evocations     | 3 |  3.0
Transmutations | 6 7 |  7.5
Stealth        | |  1.4

Action                     |  1- 3 |  4- 6 |  7- 9 | 10-12 || total
---------------------------+-------+-------+-------+-------++-------
  Melee: Unarmed           |     6 |    14 |     5 |       ||    25
   Cast: Foxfire           |    38 |    21 |   106 |    15 ||   180
         Scorch            |     8 |    22 |    45 |    16 ||    91
         Flame Wave        |       |       |     8 |     5 ||    13
         Irradiate         |       |       |       |     2 ||     2
    Use: Scroll            |     4 |     8 |     3 |     2 ||    17
         Potion            |     1 |     7 |     2 |     1 ||    11
 Armour: Robe              |    10 |     4 |    10 |     3 ||    27
         Skin              |       |    15 |       |       ||    15
  Dodge: Dodged            |    11 |    14 |    23 |     7 ||    55
